 Dungeon Crawl Stone Soup version 0.19.4 (webtiles) character file.

92 Kiturien the Shield-Bearer (level 4, -15/29 HPs)
             Began as a Gargoyle Fighter on Feb 1, 2017.
             Demolished by an ogre
             ... wielding a +0 giant club
              (17 damage)
             ... on level 3 of the Dungeon.
             The game lasted 00:04:57 (1733 turns).

Kiturien the Shield-Bearer (Gargoyle Fighter)       Turns: 1733, Time: 00:04:58

Health: -15/29     AC: 17    Str: 21    XL:     4   Next: 60%
Magic:  4/4        EV:  4    Int:  8    God:
Gold:   75         SH:  9    Dex:  9    Spells: 0 memorised, 3 levels left

rFire  . . .     SeeInvis .     a - +0 war axe
rCold  . . .     Gourm    +     b - +1 plate armour
rNeg   + . .     Faith    .     c - +0 shield
rPois  ∞         Spirit   .     k - +0 helmet
rElec  +         Reflect  .     (no cloak)
rCorr  .         Harm     .     (no gloves)
MR     .....                    (no boots)
Stlth  ..........               e - amulet of the gourmand
                                (no ring)
                                h - ring of wizardry

@: no status effects
A: negative energy resistance 1, electricity resistance, unbreathing,
petrification resistance, rot immunity, AC +3
a: no special abilities


You were on level 3 of the Dungeon.
You were not hungry.

You visited 1 branch of the dungeon, and saw 3 of its levels.

You collected 75 gold pieces.

Inventory:

Hand Weapons
 a - a +0 war axe (weapon)
Armour
 b - a +1 plate armour (worn)
 c - a +0 shield (worn)
 k - a +0 helmet (worn)
Jewellery
 e - an amulet of the gourmand (around neck)
 h - a ring of wizardry (left hand)
Wands
 m - a wand of polymorph (5/24)
Potions
 d - a potion of might
 g - a potion of flight {unknown}
 j - 2 potions of agility {unknown}
Comestibles
 f - 2 bread rations


   Skills:
 + Level 3.8 Fighting
 + Level 2.8 Axes
 * Level 3.8 Armour
 + Level 0.4 Dodging
 * Level 4.0 Shields


You had 3 spell levels left.
You didn't know any spells.

Dungeon Overview and Level Annotations

Branches:
Dungeon (3/15)

Altars:


Innate Abilities, Weirdness & Mutations

You are resistant to torment.
Your stone body is resilient. (AC +3)
You are immune to poison.
You resist negative energy. (rN+)
You are resistant to electric shocks. (rElec)
You can survive without breathing.
You are immune to petrification.
You are immune to rotting.


Message History

The ogre is heavily wounded.
You hit the giant cockroach.
You kill the giant cockroach!
You block the ogre's attack.
Your shield and plate armour prevent you from hitting the ogre.
The ogre is heavily wounded.
You block the ogre's attack.
You hit the ogre.
The ogre is severely wounded.
You block the ogre's attack.
You barely miss the ogre.
The ogre is severely wounded.
The ogre barely misses you. The ogre hits you with a giant club!
Ouch! That really hurt!
* * * LOW HITPOINT WARNING * * *
You hit the ogre but do no damage.
The ogre is severely wounded.
The ogre hits you with a giant club!
Ouch! That really hurt!
You die...

#<.. #..# #..#
#..# #..# ##
#######..# #.
.......†.#
#.###### #O#
#......# #@#
#.###..###.####.#
#......#........#
#######.#)#.######
............#
#############


You could see an ogre.

Vanquished Creatures
  2 gnolls (D:2)
  An adder (D:2)
  3 dart slugs
  3 orcs (D:3)
  5 giant cockroaches
  9 goblins
  5 hobgoblins
  2 jackals (D:2)
  3 quokkas (D:2)
  A ball python (D:1)
  2 bats
  3 frilled lizards
  7 kobolds
  9 rats
  8 plants (D:2)
63 creatures vanquished.

Vanquished Creatures (others)
  A plant (D:2)
1 creature vanquished.

Grand Total: 64 creatures vanquished

Notes
Turn   | Place    | Note
-------+----------+-------------------------------------------
     0 | D:1      | Kiturien the Gargoyle Fighter began the quest for the Orb.
     0 | D:1      | Reached XP level 1. HP: 14/14 MP: 1/1
    65 | D:1      | Reached XP level 2. HP: 17/19 MP: 2/2
   453 | D:1      | Reached XP level 3. HP: 23/23 MP: 3/3
  1186 | D:2      | Reached XP level 4. HP: 27/29 MP: 4/4
  1192 | D:2      | Reached skill level 4 in Shields
  1726 | D:3      | Noticed an ogre
  1732 | D:3      | HP: 1/29 [ogre/giant club (17)]
  1733 | D:3      | Demolished by an ogre

Skill      XL: |  1  2  3  4 |
---------------+-------------+-----
Axes           | 2 |  2.8
Shields        | 4 |  4.0
Fighting       | |  3.8
Armour         | |  3.8
Dodging        | |  0.4

Action                   |  1- 3 |  4- 6 || total
-------------------------+-------+-------++-------
Melee: War axe           |   223 |   104 ||   327
  Use: Scroll            |       |     5 ||     5
  Eat: Chunk             |     3 |     1 ||     4
Armor: Scale mail        |    79 |     1 ||    80
       Chain mail        |       |    18 ||    18
       Plate armour      |       |     5 ||     5
Dodge: Dodged            |    47 |    10 ||    57
Block: Shield            |    76 |    26 ||   102
